 Dungeon Crawl Stone Soup version 0.30-a0-782-ge64f9170bb (webtiles) character file.

Game seed: 8468839391048590543

34 theswoord the Chopper (level 3, -4/29 HPs)
             Began as a Demonspawn Monk on Feb 23, 2023.
             Slain by a gnoll
             ... wielding a +0 flail
              (7 damage)
             ... on level 2 of the Dungeon.
             The game lasted 00:01:06 (905 turns).

theswoord the Chopper (Demonspawn Monk)              Turns: 905, Time: 00:01:06

Health: -4/29      AC:  2    Str: 13    XL:     3   Next: 14%
Magic:  3/3        EV: 12    Int: 11    God:
Gold:   25         SH:  4    Dex: 15    Spells: 2/2 levels left

rFire   . . .      SeeInvis .    a - +0 hand axe
rCold   . . .      Faith    .    (no shield)
rNeg    . . .      Spirit   .    b - +0 robe
rPois   .          Reflect  .    (no helmet)
rElec   .          Harm     .    (no cloak)
rCorr   .          Rampage  .    (no gloves)
Will    .....                    (no boots)
Stlth   ++                       (no amulet)
HPRegen 0.24/turn                (no ring)
MPRegen 0.08/turn                (no ring)

@: no status effects
A: powered by death 1, condensation shield
a: no special abilities


You were on level 2 of the Dungeon.
You visited 1 branch of the dungeon, and saw 2 of its levels.

You collected 25 gold pieces.

Inventory:

Hand Weapons
 a - a +0 hand axe (weapon)
Armour
 b - a +0 robe (worn)
 e - a +0 hat
Jewellery
 i - an amulet of guardian spirit
Scrolls
 l - 2 scrolls of magic mapping
Potions
 c - a potion of ambrosia
 d - 2 potions of might
 f - a potion of curing {unknown}
 j - 2 potions of invisibility {unknown}
 k - a potion of attraction {unknown}


   Skills:
 - Level 3.0 Fighting
 + Level 3.9 Axes
 - Level 2.6 Dodging
 - Level 1.7 Stealth


You had 2 spell levels left.
You didn't know any spells.
Your spell library contained the following spells:

 Spells                   Type           Power      Damage    Failure   Level
 Magic Dart               Conj           0%         1d3       34%         1
 Call Imp                 Summ           0%         N/A       47%         2
 Mephitic Cloud           Conj/Pois/Air  0%         N/A       71%         3


Dungeon Overview and Level Annotations

Branches:
Dungeon (2/15)

Altars:

Annotations:
D:2 Jessica


Innate Abilities, Weirdness & Mutations

You regenerate a little health from kills.
A meltable shield of frost defends you. (SH +4)


Message History

You hit the endoplasm.
You kill the endoplasm!
No target in view!
No target in view!
No target in view!
Jessica the Apprentice Sorceress comes into view.
She is wielding a +0 dagger.
Jessica is nearby!
A gnoll comes into view. It is wielding a +0 spear.
A gnoll comes into view. It is wielding a +0 flail.
Found a scroll labelled HEICVU VOCWA and a dagger.
A giant cockroach comes into view.
The gnoll shouts!
You hear a shout! x2
A gnoll comes into view. It is wielding a +0 halberd.
The gnoll hits you with a +0 spear.
You closely miss the gnoll. The gnoll hits you with a +0 spear.
You barely miss the gnoll.
Jessica shouts!
You hit the gnoll.
Jessica shouts, "You're disturbing me!
I'll have to kill you!" The gnoll hits you with a +0 flail.
The gnoll hits you with a +0 spear.
You barely miss the gnoll. You hit the gnoll.
A rat comes into view.
A gnoll comes into view. It is wielding a +0 flail.
The gnoll hits you with a +0 flail!
* * * LOW HITPOINT WARNING * * *
Jessica casts a spell.
Jessica blinks!
The gnoll hits you with a +0 spear.
* * * LOW HITPOINT WARNING * * *
You hit the gnoll. You closely miss the giant cockroach. You hit the gnoll.
The giant cockroach bites you.
* * * LOW HITPOINT WARNING * * *
You hit the gnoll. Your punch misses the gnoll. You hit the giant cockroach.
You hit the gnoll but do no damage. The gnoll hits you with a +0 spear.
* * * LOW HITPOINT WARNING * * *
The giant cockroach bites you but does no damage.
You hit the gnoll but do no damage. You closely miss the giant cockroach.
You barely miss the gnoll.
The giant cockroach bites you but does no damage.
The gnoll hits you with a +0 flail!
You die...

###..##.###************,,,,
#....##.###.....#.,,,,*,,,,
###.......##.)......,,,,,,,**
##.......###.......@.,,,,,,**
#..#.....# #..?......,,,,,,*
#.##....## #.........,,,,,,***
##.###..## #...g..^..,,,,,,,,,
###..##....####.Bg..r...,,,,,,,,,
#...#....#......@g..g...,,,,,,,,,
..##......(.####........,,,,,,,,,
####.......## ##.......,,,,,,,,,
#.......# *###..##,**,,,,,,
*#.......# ***,,,,.#*,**,,,,,,
***...####.# *,,,***,#*,**,,,,,,
.(...## #.# *,****,,**,*,,,,,,,
##..## #.#***,* *,**,,,,,,,,,,
*,,** ***,**,,,* **,,,,*,,****,*


You could see 4 gnolls, Jessica, a giant cockroach and a rat.

Vanquished Creatures
  2 dart slugs
  A ball python (D:1)
  6 endoplasms
  2 giant cockroaches (D:1)
  5 goblins (D:1)
  A hobgoblin (D:1)
  2 kobolds
  A quokka (D:1)
  A bat (D:1)
  4 frilled lizards
  A rat (D:1)
26 creatures vanquished.

Notes
Turn   | Place    | Note
-------+----------+-------------------------------------------
     0 | D:1      | theswoord the Demonspawn Monk began the quest for the Orb.
     0 | D:1      | Reached XP level 1. HP: 18/18 MP: 1/1
   156 | D:1      | Gained mutation: You regenerate a little health from kills.
                  | [demonic ancestry]
   156 | D:1      | Reached XP level 2. HP: 24/24 MP: 2/2
   795 | D:2      | Gained mutation: A meltable shield of frost defends you.
                  | (SH +4) [demonic ancestry]
   795 | D:2      | Reached XP level 3. HP: 27/29 MP: 3/3
   894 | D:2      | Noticed Jessica
   905 | D:2      | Slain by a gnoll

Skill      XL: |  1 |
---------------+----+-----
Axes           | 3 |  3.9
Fighting       | |  3.0
Dodging        | |  2.6
Stealth        | |  1.7

Action                     || total
---------------------------++-------
  Melee: Hand axe          ||    85
         Punch             ||     1
    Use: Scroll            ||     5
   Stab: Sleeping          ||     3
 Armour: Robe              ||     9
  Dodge: Dodged            ||    46
  Block: Other             ||     1

Levels and vault maps discovered:
D:1:      dpeg_arrival_water_altar, layout_basic, minmay_tetromino_l4
D:2:      layout_rooms, uniq_jessica, uniq_sigmund
